 Dungeon Crawl Stone Soup version 0.27.0-1-g7a089689b8 (webtiles) character file.

Game seed: 10923085172891576783

37 ZombieSheep the Bolt Thrower (level 3, 0/18 HPs)
             Began as a Spriggan Hunter on Aug 1, 2021.
             Succumbed to an adder's poison
             ... on level 2 of the Dungeon.
             The game lasted 00:03:58 (1434 turns).

ZombieSheep the Bolt Thrower (Spriggan Hunter)      Turns: 1434, Time: 00:03:59

Health: 0/18       AC:  6    Str:  8    XL:     3   Next: 23%
Magic:  4/4        EV: 18    Int: 12    God:
Gold:   67         SH:  0    Dex: 16    Spells: 2/2 levels left

rFire    . . .     SeeInvis +   b - +0 short sword
rCold    . . .     Faith    .   (shield restricted)
rNeg     . . .     Spirit   .   c - +0 robe
rPois    .         Reflect  .   (helmet restricted)
rElec    .         Harm     .   (no cloak)
rCorr    .         Rampage  .   (gloves unavailable)
Will     .....                  (boots unavailable)
Stlth    ++........             (no amulet)
HPRegen  0.06/turn              e - +4 ring of protection
MPRegen  0.09/turn              (no ring)

@: lethally poisoned (0 -> -5), very quick
A: very small, no large weapons, unfitting armour, see invisible, speed 3
a: no special abilities


You were on level 2 of the Dungeon.
You visited 1 branch of the dungeon, and saw 2 of its levels.

You collected 67 gold pieces.

Inventory:

Hand Weapons
 a - a +1 hand crossbow
 b - a +0 short sword (weapon)
Missiles
 d - 16 bolts
Armour
 c - a +0 robe (worn)
Jewellery
 e - a +4 ring of protection (left hand)
Potions
 h - a potion of brilliance {unknown}


   Skills:
 + Level 1.9 Fighting
 + Level 1.1 Short Blades
 + Level 4.3 Crossbows
 + Level 3.3 Dodging
 + Level 2.5 Stealth


You had 2 spell levels left.
You didn't know any spells.
Your spell library was empty.

Dungeon Overview and Level Annotations

Branches:
Dungeon (2/15)

Altars:


Innate Abilities, Weirdness & Mutations

You are very small and have problems with some larger weapons.
You are too small for most types of armour.
You have supernaturally acute eyesight. (SInv)
You cover ground extremely quickly. (Speed+++)


Message History

You hit the adder but do no damage.
The adder is moderately wounded.
You feel sick. The adder closely misses you.
You hit the adder but do no damage.
The adder is moderately wounded.
You feel sick. The adder completely misses you. The adder closely misses you.
You hit the adder but do no damage.
The adder is moderately wounded.
You feel sick. The adder completely misses you.
You closely miss the adder.
The adder is moderately wounded.
You feel sick. The adder misses you.
You are too injured to fight recklessly!
You are too injured to fight recklessly!
You are too injured to fight recklessly!
You are too injured to fight recklessly!
You are too injured to fight recklessly!
You are too injured to fight recklessly!
You are too injured to fight recklessly!
You hit the adder.
The adder is heavily wounded.
You feel sick.
You are no longer poisoned.
The adder bites you but does no damage. The adder bites you.
You hit the adder.
The adder is almost dead.
The adder misses you.
You miss the adder.
The adder is almost dead.
The adder misses you. The adder bites you.
* * * LOW HITPOINT WARNING * * *
You closely miss the adder.
The adder is almost dead.
The adder bites you.
* * * LOW HITPOINT WARNING * * *
You are lethally poisoned!
The adder poisons you!
You hit the adder.
You kill the adder!
You die...

#..#....#..... .
##..#....##.#.# .
#....#...##...# # #.
#....#......... #.#.##
#....#.......[.
#.....#####..###.......
.......................
.......................
.......@.....###..##.#
.......####..# .#
#.##... ...# # #...
...# .(... #..># ......
#.... #.##.## #. #. #.


There were no monsters in sight!

Vanquished Creatures
  An adder (D:2)
  5 endoplasms
  A giant cockroach (D:1)
  5 goblins
  2 hobgoblins (D:1)
  2 quokkas
  8 ball pythons
  3 bats
  A frilled lizard (D:1)
  3 kobolds
  5 rats (D:1)
36 creatures vanquished.

Notes
Turn   | Place    | Note
-------+----------+-------------------------------------------
     0 | D:1      | ZombieSheep the Spriggan Hunter began the quest for the
                  | Orb.
     0 | D:1      | Reached XP level 1. HP: 10/10 MP: 2/2
   281 | D:1      | You fall into a shaft and drop 1 floor!
   451 | D:2      | Reached XP level 2. HP: 6/15 MP: 3/3
   884 | D:1      | Reached skill level 1 in Short Blades
   959 | D:1      | Reached XP level 3. HP: 18/18 MP: 4/4
  1434 | D:2      | Succumbed to an adder's poison

Illustrated notes

Levels and vault maps discovered:
D:1:      tarquinn_simple_flora_water_f, layout_rooms, st_stairs_1
D:2:      layout_basic

Skill      XL: |  1  2 |
---------------+-------+-----
Stealth        | 2 |  2.5
Dodging        | 3 |  3.3
Short Blades   | 1 |  1.1
Fighting       | |  1.9
Crossbows      | |  4.3

Action                   || total
-------------------------++-------
Melee: Short sword       ||    89
 Fire: Hand crossbow     ||    21
  Use: Scroll            ||     3
 Stab: Sleeping          ||     4
Armor: Robe              ||    20
Dodge: Dodged            ||    72
